 Dungeon Sprint DCSS version 0.29.1-2-gbd0b4ee654 (webtiles) character file.

Game seed: 6704028522636029338

16900000 raph the Intangible (level 27, -48/194 (228) HPs)
             Began as a Djinni Warper on Nov 30, 2022.
             Was the Champion of Makhleb.
             Killed from afar by a wretched soul (108 damage)
             ... with a bolt of negative energy
             ... in the Dungeon (Sprint VIII: "Arena of Blood").
             The game lasted 00:05:07 (169 turns).

raph the Intangible (Djinni Warper)                  Turns: 169, Time: 00:05:07

HP:   -48/194 (228) AC:  6    Str: 10    XL:     27
Gold: 0             EV: 36    Int: 17    God:    Makhleb [******] SH:  0 Dex: 25

rFire   + + +      SeeInvis .   i - +∞ Axe of Woe
rCold   x . .      Faith    .   (shield currently unavailable)
rNeg    . . .      Spirit   .   b - +0 leather armour
rPois   ∞          Reflect  .   (no helmet)
rElec   .          Harm     .   (no cloak)
rCorr   .          Rampage  .   (no gloves)
Will    ++...      NoTele   +   (boots unavailable)
Stlth   ++++++++++              (no amulet)
HPRegen 0.42/turn               j - +200 ring of slaying
MPRegen 0.00/turn               g - ring of protection from fire

@: calling dragons, flying, slowed, heavily drained, very slow
A: sickness immunity, fire resistance 2, cold vulnerability 1, float, innate
caster, HP casting, extra vitality 1
a: Renounce Religion, Minor Destruction, Lesser Servant of Makhleb, Major
Destruction, Greater Servant of Makhleb


You were in the Dungeon.
You worshipped Makhleb.
Makhleb was exalted by your worship.
You visited 1 branch

Inventory:

Hand Weapons
 a - a +0 hand axe
 i - the +∞ Axe of Woe (weapon)
   (You found it in the Dungeon)
Missiles
 d - 7 boomerangs of dispersal (quivered)
Armour
 b - a +0 leather armour (worn)
Jewellery
 g - a ring of protection from fire (right hand)
 j - a +200 ring of slaying (left hand)
 k - a +200 ring of slaying
Scrolls
 c - a scroll of blinking
Potions
 e - a potion of curing
 f - a potion of heal wounds
 h - a potion of berserk rage


   Skills:
 O Level 27 Fighting
 O Level 27 Short Blades
 O Level 27 Long Blades
 O Level 27 Axes
 O Level 27 Maces & Flails
 O Level 27 Polearms
 O Level 27 Staves
 O Level 27 Ranged Weapons
 O Level 27 Throwing
 O Level 27 Armour
 O Level 27 Dodging
 O Level 27 Stealth
 O Level 27 Shields
 O Level 27 Unarmed Combat
 O Level 27 Spellcasting
 O Level 27 Invocations
 O Level 27 Evocations


You couldn't memorise any spells.
You knew the following spells:

 Your Spells              Type           Power      Damage    Failure   Level
a - Blink                 Tloc           100%       N/A       0%          2
b - Lesser Beckoning      Tloc           86%        N/A       0%          3
c - Gell's Gravitas       Tloc           86%        N/A       0%          3
d - Teleport Other        Tloc           86%        N/A       0%          3
e - Manifold Assault      Tloc           86%        N/A       0%          5
f - Sting                 Tmut/Pois      100%       1d8       0%          1
g - Static Discharge      Conj/Air       86%        3-14/arc  0%          2
h - Scorch                Fire           100%       2d10      0%          2
i - Tukima's Dance        Hex            86%        N/A       0%          3
j - Olgreb's Toxic Radia  Pois           86%        N/A       0%          4
k - Lee's Rapid Deconstr  Erth           43%        3d22*     0%          5
l - Conjure Ball Lightni  Conj/Air       43%        3x3d15    0%          6
m - Ozocubu's Refrigerat  Ice            43%        4d17      1%          7
n - Monstrous Menagerie   Summ           43%        N/A       1%          7
o - Infestation           Necr           43%        N/A       1%          8
p - Disjunction           Tloc           43%        N/A       1%          8
q - Polar Vortex          Ice            43%        N/A       2%          9
r - Dragon's Call         Summ           43%        N/A       2%          9
Your spell library was empty.

Dungeon Overview and Level Annotations

Branches:
Dungeon (1/1)

Altars:
Makhleb


Innate Abilities, Weirdness & Mutations

You are immune to sickness and miasma.
You are immune to poison.
Your flesh is very heat resistant. (rF++)
You are vulnerable to cold. (rC-)
You float through the air rather than walking.
You learn spells naturally, not from books.
Your magical power is your life essence.
You have superior vitality. (+4 MHP)


Message History

Your life force feels restored.
Casting: Manifold Assault (safe; 0% risk of failure)
Confirm with . or Enter, or press ? or * to list all spells.
Space momentarily warps into an impossible shape!
You chop one of the eight-headed meat hydra's heads off!
The seven-headed meat hydra grows two more!
You carve the nine-headed meat hydra like a ham!!!!
You pulverise the nine-headed meat hydra into a thin bloody mist.
You blow up the nine-headed meat hydra!
Makhleb accepts your kill.
You slash the fleshlord!
You fatally mangle the fleshlord.
You kill the fleshlord!
Makhleb accepts your kill.
You feel better.
You slice the fleshlord!!
You hew the fleshlord savagely.
You kill the fleshlord!
Makhleb accepts your kill.
You slice the fleshlord like a ripe choko!!!!
You pulverise the fleshlord into a thin bloody mist.
You kill the fleshlord!
Makhleb accepts your kill.
A meat beast comes into view.
You hear a shout!
You feel something staring at you. Something smites you!
* * * LOW HITPOINT WARNING * * *
A bolt of negative energy appears from out of thin air!
The bolt of negative energy hits something!!!
The bolt of negative energy misses you.
You feel something staring at you.
A fireball appears from out of thin air!
The fireball explodes!
The fireball engulfs you! You resist.
* * * LOW HITPOINT WARNING * * *
The fleshlord casts a spell at you.
The meat berserker hits your shadow dragon with a +9 battleaxe!!!
Your shadow dragon dies!
Your shadow dragon's corpse disappears in a puff of smoke!
A bolt of negative energy appears from out of thin air!
The bolt of negative energy hits you!!!!
You feel drained.
Ouch! That really hurt!
You die...

.###.. ...###...........)....#
......###....)§))....)###)....#
......_..O2O..)))...)).†.o...#
#...§§#.§.))){#.#))...)...#
#_.<)_#§§).†..)...†.).z...#
.#...))#)))...#)#)#.)......#
......_1))))))))))...)..)....#
......###.))))...)#)#.#))#....#
.###.......###@.)..))...#.....#
#.......#....)†)).)...#....#
#.......#.....)....).#.....#
.......){))...))†)).....).)#
............#..†#W).)).##).#
...........#)...#.)...##...#
.)...##....{#.....# ..#
p...#......#)...##). ..#
..).#...###†...#. ... .#


You could see a Tzitzimitl (summoned), a meat beast (fast), a fleshlord, a dread
and 2 meat berserkers.

Vanquished Creatures
  14 hell knights (D)
  Sigmund (D)
  10 hell beasts (D)
  7 royal mummies (D)
  5 great orbs of eyes (D)
  13 wraiths (D)
  16 vampire knights (D)
  45 ogres (D)
  9 two-headed ogres (D)
  10 liches (D)
  12 hydras (D)
  4 phantoms (D)
  86 orcs (D)
  11 skeletal warriors (D)
  14 sea snakes (D)
257 creatures vanquished.

Notes
Turn   | Place    | Note
-------+----------+-------------------------------------------
     0 | D        | Found the +∞ Axe of Woe
     0 | D        | raph the Djinni Warper began the quest for the Orb.
     0 | D        | raph set off with the following spells memorised: Blink,
                  | Lesser Beckoning, Gell's Gravitas, Teleport Other, Manifold
                  | Assault.
     0 | D        | Reached XP level 1. HP: 18/18 MP: 0/0
     0 | D        | Noticed a meat berserker
     2 | D        | Noticed a bag of meat
     3 | D        | Noticed a bag of meat
     3 | D        | Noticed a meat berserker
     3 | D        | Noticed a bag of meat
     4 | D        | Became a worshipper of Makhleb the Destroyer
     5 | D        | Killed a bag of meat
     5 | D        | Noticed a bag of meat
     5 | D        | Noticed a meat berserker
     6 | D        | Reached XP level 2. HP: 40/40 MP: 0/0
     6 | D        | Reached XP level 3. HP: 45/45 MP: 0/0
     6 | D        | Learned a level 1 spell: Sting
     6 | D        | Reached XP level 4. HP: 51/51 MP: 0/0
     6 | D        | Reached XP level 5. HP: 57/57 MP: 0/0
     6 | D        | Learned a level 2 spell: Static Discharge
     6 | D        | Reached XP level 6. HP: 63/63 MP: 0/0
     6 | D        | Reached XP level 7. HP: 68/68 MP: 0/0
     6 | D        | Learned a level 2 spell: Scorch
     6 | D        | Reached XP level 8. HP: 75/75 MP: 0/0
     6 | D        | Reached XP level 9. HP: 80/80 MP: 0/0
     6 | D        | Learned a level 3 spell: Tukima's Dance
     6 | D        | Reached XP level 10. HP: 86/86 MP: 0/0
     6 | D        | Reached XP level 11. HP: 92/92 MP: 0/0
     6 | D        | Learned a level 4 spell: Olgreb's Toxic Radiance
     6 | D        | Killed a meat berserker
     6 | D        | Reached * piety under Makhleb
     6 | D        | Noticed a meat berserker
     6 | D        | Noticed a bag of meat
     6 | D        | Noticed a bag of meat
     7 | D        | Reached XP level 12. HP: 40/105 MP: 0/0
     7 | D        | Reached XP level 13. HP: 42/111 MP: 0/0
     7 | D        | Learned a level 5 spell: Lee's Rapid Deconstruction
     7 | D        | Killed a meat berserker
     7 | D        | Noticed a bag of meat
     8 | D        | Reached skill level 15 in Axes
     8 | D        | Reached XP level 14. HP: 46/121 MP: 0/0
     8 | D        | Killed a meat berserker
     9 | D        | Killed a bag of meat
     9 | D        | Reached ** piety under Makhleb
     9 | D        | Noticed a bag of meat
     9 | D        | Noticed a bag of meat
    10 | D        | Reached XP level 15. HP: 35/132 MP: 0/0
    10 | D        | Learned a level 6 spell: Conjure Ball Lightning
    10 | D        | Killed a meat berserker
    11 | D        | Reached *** piety under Makhleb
    12 | D        | Reached XP level 16. HP: 141/144 MP: 0/0
    12 | D        | Noticed a meat berserker
    14 | D        | Reached **** piety under Makhleb
    14 | D        | Noticed a meat berserker
    15 | D        | Killed a meat berserker
    15 | D        | Noticed a meat berserker
    16 | D        | Reached skill level 27 in Dodging
    16 | D        | Reached XP level 17. HP: 156/156 MP: 0/0
    16 | D        | Learned a level 7 spell: Ozocubu's Refrigeration
    17 | D        | Killed a meat berserker
    18 | D        | Noticed a meat berserker
    18 | D        | Noticed a meat berserker
    18 | D        | Noticed a meat berserker
    19 | D        | Reached ***** piety under Makhleb
    19 | D        | Killed a meat berserker
    20 | D        | Reached skill level 27 in Fighting
    20 | D        | Reached skill level 27 in Invocations
    20 | D        | Reached XP level 18. HP: 148/167 MP: 0/0
    20 | D        | Noticed a destroyer
    21 | D        | Reached skill level 27 in Axes
    21 | D        | Reached skill level 5 in Spellcasting
    21 | D        | Killed a meat berserker
    21 | D        | Noticed a meat berserker
    21 | D        | Noticed a meat berserker
    22 | D        | Killed a meat berserker
    23 | D        | Reached XP level 19. HP: 174/174 MP: 0/0
    23 | D        | Learned a level 7 spell: Monstrous Menagerie
    23 | D        | Noticed a large bag of meat
    23 | D        | Killed a large bag of meat
    23 | D        | Noticed a meat berserker
    24 | D        | Noticed a destroyer
    24 | D        | Noticed a meat berserker
    24 | D        | Noticed a meat berserker
    24 | D        | Noticed a destroyer
    25 | D        | Killed a meat berserker
    25 | D        | Killed a meat berserker
    25 | D        | Reached ****** piety under Makhleb
    25 | D        | Noticed a destroyer
    26 | D        | Reached skill level 27 in Spellcasting
    26 | D        | Reached skill level 1 in Throwing
    26 | D        | Reached XP level 20. HP: 181/181 MP: 0/0
    26 | D        | Noticed a large bag of meat
    26 | D        | Noticed a meat berserker
    26 | D        | Noticed a destroyer
    27 | D        | Reached skill level 5 in Stealth
    27 | D        | Killed a destroyer
    27 | D        | Killed a destroyer
    28 | D        | Reached skill level 10 in Maces & Flails
    28 | D        | Reached skill level 10 in Polearms
    28 | D        | Reached skill level 10 in Throwing
    28 | D        | Reached XP level 21. HP: 187/187 MP: 0/0
    28 | D        | Learned a level 8 spell: Infestation
    28 | D        | Killed a meat berserker
    28 | D        | Noticed a meat berserker
    28 | D        | Noticed a large bag of meat
    29 | D        | Noticed a meat berserker
    29 | D        | Noticed a meat berserker
    30 | D        | Killed a meat berserker
    30 | D        | Killed a meat berserker
    30 | D        | Killed a destroyer
    31 | D        | Reached XP level 22. HP: 194/194 MP: 0/0
    31 | D        | Noticed a destroyer
    31 | D        | Killed a destroyer
    31 | D        | Killed a large bag of meat
    31 | D        | Killed a meat berserker
    32 | D        | Reached XP level 23. HP: 189/201 MP: 0/0
    32 | D        | Learned a level 8 spell: Disjunction
    32 | D        | Killed a destroyer
    32 | D        | Noticed a destroyer
    34 | D        | Killed a destroyer
    35 | D        | Reached XP level 24. HP: 205/208 MP: 0/0
    35 | D        | Killed a destroyer
    35 | D        | Noticed a destroyer
    36 | D        | Reached skill level 27 in Armour
    36 | D        | Reached skill level 27 in Unarmed Combat
    36 | D        | Reached XP level 25. HP: 211/214 MP: 0/0
    36 | D        | Learned a level 9 spell: Polar Vortex
    36 | D        | Noticed a destroyer
    37 | D        | Noticed a destroyer
    38 | D        | Killed a destroyer
    39 | D        | Reached skill level 27 in Stealth
    40 | D        | Reached skill level 27 in Maces & Flails
    40 | D        | Reached skill level 27 in Polearms
    40 | D        | Reached skill level 27 in Throwing
    42 | D        | Killed a destroyer
    43 | D        | Reached XP level 26. HP: 174/221 MP: 0/0
    45 | D        | Killed a large bag of meat
    48 | D        | Reached skill level 27 in Staves
    48 | D        | Noticed an accursed
    48 | D        | Noticed a large bag of meat
    48 | D        | Noticed a large bag of meat
    48 | D        | Noticed a destroyer
    48 | D        | Noticed a destroyer
    49 | D        | Noticed a large bag of meat
    50 | D        | Noticed an accursed
    52 | D        | Reached skill level 10 in Short Blades
    52 | D        | Reached skill level 10 in Long Blades
    52 | D        | Noticed an accursed
    53 | D        | Killed a destroyer
    54 | D        | Reached XP level 27. HP: 73/228 MP: 0/0
    54 | D        | Learned a level 9 spell: Dragon's Call
    55 | D        | Reached skill level 15 in Short Blades
    55 | D        | Reached skill level 15 in Long Blades
    55 | D        | Killed an accursed
    55 | D        | Killed a destroyer
    56 | D        | Noticed an accursed
    56 | D        | Killed an accursed
    56 | D        | Killed a large bag of meat
    56 | D        | Noticed a large bag of meat
    58 | D        | Killed a large bag of meat
    58 | D        | Noticed a destroyer
    59 | D        | Killed a large bag of meat
    63 | D        | Noticed a meat beast
    64 | D        | Reached skill level 27 in Shields
    64 | D        | Reached skill level 27 in Evocations
    64 | D        | Killed an accursed
    65 | D        | Reached skill level 27 in Short Blades
    65 | D        | Reached skill level 27 in Long Blades
    66 | D        | Killed a large bag of meat
    66 | D        | Killed a destroyer
    66 | D        | Noticed a meat beast
    66 | D        | Noticed a tyrant
    67 | D        | Reached skill level 27 in Ranged Weapons
    67 | D        | Killed a meat beast
    67 | D        | Noticed a meat beast
    68 | D        | Noticed a dread
    69 | D        | Killed an accursed
    69 | D        | Noticed a dread
    70 | D        | Killed a dread
    70 | D        | Killed a dread
    71 | D        | Killed a destroyer
    71 | D        | Killed a tyrant
    71 | D        | Noticed a dread
    72 | D        | Noticed a large bag of meat
    73 | D        | Killed a meat beast
    75 | D        | Noticed a meat beast
    76 | D        | Killed a meat beast
    76 | D        | Killed a dread
    76 | D        | Killed a large bag of meat
    76 | D        | Noticed a meat beast
    77 | D        | Killed a meat beast
    80 | D        | Killed a meat beast
    85 | D        | Noticed a meat beast
    89 | D        | Killed a meat beast
    92 | D        | Noticed a meat beast
    93 | D        | Noticed an accursed
    94 | D        | Killed an accursed
    94 | D        | Killed a meat beast
    96 | D        | Noticed a tyrant
    96 | D        | Noticed a meat beast
    97 | D        | Killed a tyrant
    97 | D        | Killed a meat beast
   101 | D        | Noticed a destroyer
   102 | D        | Killed a destroyer
   104 | D        | Noticed a meat beast
   107 | D        | Killed a meat beast
   111 | D        | Noticed a tyrant
   112 | D        | Killed a tyrant
   112 | D        | Noticed a dread
   113 | D        | Killed a dread
   113 | D        | Noticed a dread
   113 | D        | Noticed a tyrant
   114 | D        | Killed a dread
   114 | D        | Killed a tyrant
   115 | D        | Noticed a dread
   116 | D        | Killed a dread
   117 | D        | Noticed a large bag of meat
   117 | D        | Noticed a destroyer
   118 | D        | Killed a destroyer
   118 | D        | Killed a large bag of meat
   121 | D        | Noticed a fleshlord
   122 | D        | Killed a fleshlord
   124 | D        | Noticed a fleshlord
   124 | D        | Killed a fleshlord
   125 | D        | Noticed a fleshlord
   126 | D        | Noticed a fleshlord
   127 | D        | Killed a fleshlord
   127 | D        | Killed a fleshlord
   127 | D        | Noticed a fleshlord
   128 | D        | Killed a fleshlord
   128 | D        | Noticed a fleshlord
   130 | D        | Killed a fleshlord
   138 | D        | Noticed a dread
   138 | D        | Noticed a fleshlord
   139 | D        | Killed a dread
   139 | D        | Killed a fleshlord
   139 | D        | Noticed a tyrant
   139 | D        | Noticed a fleshlord
   140 | D        | Killed a fleshlord
   140 | D        | Killed a tyrant
   141 | D        | Noticed a dread
   141 | D        | Killed a dread
   142 | D        | Noticed an accursed
   142 | D        | Noticed The Captor
   142 | D        | Noticed a tyrant
   143 | D        | Killed The Captor
   143 | D        | Killed an accursed
   143 | D        | Killed a tyrant
   145 | D        | Noticed a dread
   146 | D        | Killed a dread
   146 | D        | Noticed a tyrant
   147 | D        | Killed a tyrant
   148 | D        | Noticed an accursed
   149 | D        | Killed an accursed
   152 | D        | Noticed a meat beast
   153 | D        | Killed a meat beast
   153 | D        | Noticed a dread
   154 | D        | Killed a dread
   155 | D        | Noticed a dread
   156 | D        | Killed a dread
   157 | D        | Noticed a tyrant
   158 | D        | Killed a tyrant
   160 | D        | Noticed a fleshlord
   160 | D        | Noticed a tyrant
   161 | D        | Killed a tyrant
   161 | D        | Killed a fleshlord
   162 | D        | Noticed a destroyer
   163 | D        | Killed a destroyer
   164 | D        | Noticed a dread
   164 | D        | Noticed a fleshlord
   165 | D        | Killed a dread
   165 | D        | Noticed a fleshlord
   166 | D        | Noticed a fleshlord
   166 | D        | Noticed a dread
   167 | D        | Killed a fleshlord
   167 | D        | Noticed a fleshlord
   167 | D        | Noticed a tyrant
   168 | D        | Killed a dread
   168 | D        | Killed a fleshlord
   168 | D        | Killed a tyrant
   168 | D        | Noticed a fleshlord
   168 | D        | Noticed a fleshlord
   168 | D        | Noticed a dread
   169 | D        | Killed a fleshlord
   169 | D        | Killed a fleshlord
   169 | D        | Killed a fleshlord
   169 | D        | Noticed a meat beast
   169 | D        | Killed from afar by a wretched soul

Illustrated notes

Levels and vault maps discovered:
D:        meatsprint

Skill      XL: |  1  2  3  4  5  6  7  8  9 10 11 12 13 14 15 16 17 18 19 20 21 22 23 24 25 26 27 |
---------------+----------------------------------------------------------------------------------+-----
Fighting       | 13 16 18 20 22 25 27 | 27.0
Axes           | 11 14 15 17 19 21 26 27 | 27.0
Dodging        | 14 18 20 22 24 27 | 27.0
Invocations    | 13 16 18 20 22 25 27 | 27.0
Armour         | 4 12 19 22 26 27 | 27.0
Stealth        | 3 11 18 20 24 26 27 | 27.0
Spellcasting   | 17 27 | 27.0
Throwing       | 1 10 16 18 22 24 27 | 27.0
Maces & Flails | 10 16 18 22 24 27 | 27.0
Polearms       | 10 16 18 22 24 27 | 27.0
Unarmed Combat | 12 19 22 26 27 | 27.0
Staves         | 22 27 | 27.0
Short Blades   | 14 27 | 27.0
Long Blades    | 14 27 | 27.0
Ranged Weapons | 13 27 | 27.0
Shields        | 16 27 | 27.0
Evocations     | 16 27 | 27.0

Action                   |  1- 3 |  4- 6 |  7- 9 | 10-12 | 13-15 | 16-18 | 19-21 | 22-24 | 25-27 || total
-------------------------+-------+-------+-------+-------+-------+-------+-------+-------+-------++-------
Melee: Executioner's axe |     1 |       |       |     1 |     5 |     9 |     6 |     4 |   190 ||   216
 Cast: Manifold Assault  |       |       |       |       |       |       |       |       |    56 ||    56
       Monstrous Menager |       |       |       |       |       |       |       |       |     1 ||     1
       Disjunction       |       |       |       |       |       |       |       |       |     1 ||     1
       Dragon's Call     |       |       |       |       |       |       |       |       |     1 ||     1
  Use: Scroll            |       |       |       |       |       |       |       |       |     1 ||     1
       Potion            |       |       |       |       |       |       |       |       |     1 ||     1
 Stab: Distracted        |       |       |       |       |       |       |     1 |       |       ||     1
Armor: Leather armour    |       |       |       |       |       |       |       |       |     1 ||     1
Dodge: Dodged            |       |       |       |       |       |       |       |       |    20 ||    20
